 Dungeon Crawl Stone Soup version 0.31-a0-237-g2d982f9f85 (webtiles) character file.

Game seed: 10441284592854908885

11 olmar the Cudgeller (level 2, -9/26 HPs)
             Began as a Gnoll Reaver on July 12, 2023.
             Engulfed by a cloud of flame (16 damage)
             ... on level 1 of the Dungeon.
             The game lasted 00:00:31 (260 turns).

olmar the Cudgeller (Gnoll Reaver)                   Turns: 260, Time: 00:00:31

Health: -9/26      AC:  4    Str: 11    XL:     2   Next: 29%
Magic:  7/7        EV: 12    Int: 12    God:
Gold:   22         SH:  0    Dex: 10    Spells: 9/10 levels left

rFire   . . .        a - +0 mace
rCold   . . .        (no shield)
rNeg    . . .        b - +0 leather armour
rPois   .            (no helmet)
rElec   .            (no cloak)
rCorr   .            (no gloves)
SInv    .            e - +0 pair of boots
Will    .....        (no amulet)
Stlth   +            (no ring)
HPRegen 0.24/turn    (no ring)
MPRegen 0.10/turn

%: no passive effects
@: no status effects
A: fangs 1, strong nose, distributed training
a: no special abilities


You were on level 1 of the Dungeon.
You visited 1 branch of the dungeon, and saw 1 of its levels.

You collected 22 gold pieces.

Inventory:

Hand Weapons
 a - a +0 mace (weapon)
Armour
 b - a +0 leather armour (worn)
 e - a +0 pair of boots (worn)
Scrolls
 d - a scroll of blinking {unknown}
 f - a scroll of immolation
 i - a scroll of teleportation {unknown}
Potions
 c - a potion of lignification
 g - a potion of cancellation


   Skills:
 + Level 4.5 Fighting
 + Level 0.4 Short Blades
 + Level 0.4 Long Blades
 + Level 0.4 Axes
 + Level 6.5 Maces & Flails
 + Level 0.4 Polearms
 + Level 0.4 Staves
 + Level 0.4 Ranged Weapons
 + Level 0.4 Throwing
 + Level 0.4 Armour
 + Level 4.5 Dodging
 + Level 0.4 Stealth
 + Level 0.4 Shields
 + Level 0.4 Unarmed Combat
 + Level 4.9 Spellcasting
 + Level 5.3 Conjurations
 + Level 0.2 Hexes
 + Level 0.2 Summonings
 + Level 0.2 Necromancy
 + Level 0.2 Translocations
 + Level 0.2 Transmutations
 + Level 0.2 Fire Magic
 + Level 0.2 Ice Magic
 + Level 0.2 Air Magic
 + Level 0.2 Earth Magic
 + Level 0.2 Poison Magic
 + Level 0.5 Invocations
 + Level 0.4 Evocations


You had 9 spell levels left.
You knew the following spells:

 Your Spells              Type           Power      Damage    Failure   Level
a - Kiss of Death         Conj/Necr      36%        2d8       9%          1

Your spell library contained the following spells:

 Spells                   Type           Power      Damage    Failure   Level
 Momentum Strike          Conj/Tloc      18%        3d8       13%         2
 Hailstorm                Conj/Ice       9%         3d4       26%         3


Dungeon Overview and Level Annotations

Branches:
Dungeon (1/15)

Altars:


Innate Abilities, Weirdness & Mutations

You have very sharp teeth.
Your uncanny sense of smell can sniff out nearby items.
Your experience applies equally to all skills.


Message History

No target in view!
No target in view!
No target in view!
No target in view!
No target in view!
No target in view!
No target in view!
You open the door.
There is an open door here.
Found a stone staircase leading down.
h - a scroll labelled HIUVVO AGEAKA
Okay, then.
h - 2 scrolls labelled HIUVVO AGEAKA (gained 1)
i - a scroll labelled ODAIDW DIURE You now have 13 gold pieces (gained 11).
You now have 22 gold pieces (gained 9).
A goblin comes into view. It is wielding a +0 club.
The goblin shouts!
As you read the scroll labelled EHATEO EZIOF, it crumbles to dust.
The creatures around you are filled with an inner flame!
It was a scroll of immolation.
Unknown command.
As you read the scroll labelled HIUVVO AGEAKA, it crumbles to dust.
It is a scroll of identify.
c - a potion of lignification The goblin hits you but does no damage.
As you read the scroll of identify, it crumbles to dust.
g - a potion of cancellation The goblin hits you with a +0 club.
A goblin is nearby!
A goblin is nearby!
A goblin is nearby!
You hit the goblin.
The goblin explodes!
The fiery explosion engulfs you!!
Ouch! That really hurt!
* * * LOW HITPOINT WARNING * * *
You are engulfed in blazing flames.
Ouch! That really hurt!
You die...

.####.#######
............. .#
...##.####### .#
......## # .#
###....# ###. .#
#....# #.#.##.#
#....# #.# §§§#
#....# #.# #§.#
#....# #.# #@#
###....#####.###.#
.####..##.....##.#
.#####........##.#
..............##.#
......##..###.##.#
#.....###.#......#
......###.#.#.##.#
........#.#.#....#


There were no monsters in sight!

Vanquished Creatures
  An endoplasm (D:1)
  A giant cockroach (D:1)
  4 goblins (D:1)
  2 hobgoblins (D:1)
  A quokka (D:1)
  A ball python (D:1)
10 creatures vanquished.

Notes
Turn   | Place    | Note
-------+----------+-------------------------------------------
     0 | D:1      | olmar the Gnoll Reaver began the quest for the Orb.
     0 | D:1      | Reached XP level 1. HP: 20/20 MP: 6/6
   159 | D:1      | Reached XP level 2. HP: 26/26 MP: 7/7
   260 | D:1      | Engulfed by a cloud of flame

Illustrated notes

Levels and vault maps discovered:
D:1:      elethiomel_arrival_fortress_basement, layout_basic

Action                     || total
---------------------------++-------
  Melee: Mace              ||    32
         Bite              ||     3
    Use: Scroll            ||     3
 Armour: Leather armour    ||    10
  Dodge: Dodged            ||    25

Table legend: (Time is in decaauts)
 A = Elapsed time spent in this place.
 B = Non-inter-level travel time spent in this place.
 C = Inter-level travel time spent in this place.
 D = Time resting spent in this place.
 E = Time spent auto-exploring this place.
 F = Levels seen in this place.
 G = Mean time per level.
                   A        B        C        D        E       F      G
               +--------+--------+--------+--------+--------+-----+--------+
         Total |    262 |    262 |      0 |      6 |    181 |   1 |  262.0 |
       Dungeon |    262 |    262 |      0 |      6 |    181 |   1 |  262.0 |
               +--------+--------+--------+--------+--------+-----+--------+

Top non-repeatable levels by time:
     D:1: 262 daAuts
